 Dungeon Crawl Stone Soup version 0.30.0-29-ga12c61a403 (webtiles) character file.

Game seed: 5053103074138262932

74 cdecastro the Trooper (level 4, -1/42 HPs)
             Began as a Hill Orc Fighter on June 20, 2023.
             Succumbed to a gnoll's poison
             ... on level 2 of the Dungeon.
             The game lasted 00:02:40 (1194 turns).

cdecastro the Trooper (Hill Orc Fighter)            Turns: 1194, Time: 00:02:41

Health: -1/42      AC:  6    Str: 20    XL:     4   Next: 30%
Magic:  4/4        EV:  9    Int:  8    God:
Gold:   89         SH:  4    Dex: 10    Spells: 3/3 levels left

rFire   . . .        a - +0 war axe
rCold   . . .        c - +0 buckler
rNeg    . . .        b - +0 scale mail
rPois   .            (no helmet)
rElec   .            (no cloak)
rCorr   .            (no gloves)
SInv    .            (no boots)
Will    .....        (no amulet) Stlth
                     (no ring)
HPRegen 0.27/turn    (no ring)
MPRegen 0.09/turn

%: no passive effects
@: lethally poisoned (-1 -> -16)
A: no striking features
a: no special abilities


You were on level 2 of the Dungeon.
You visited 1 branch of the dungeon, and saw 2 of its levels.

You collected 89 gold pieces.

Inventory:

Hand Weapons
 a - a +0 war axe (weapon)
Missiles
 f - 3 boomerangs (quivered)
Armour
 b - a +0 scale mail (worn)
 c - a +0 buckler (worn)
 e - a +0 pair of gloves
Wands
 q - a wand of flame (14)
Scrolls
 g - a scroll of teleportation {unknown}
 i - 4 scrolls of identify {unknown}
 k - a scroll of vulnerability {unknown}
 l - a scroll of brand weapon {unknown}
 m - a scroll of magic mapping {unknown}
Potions
 d - 2 potions of might
 h - a potion of lignification {unknown}
 j - a potion of attraction {unknown}
 n - a potion of degeneration {unknown}
 o - a potion of heal wounds {unknown}
 p - 2 potions of brilliance {unknown}


   Skills:
 + Level 5.0 Fighting
 + Level 4.5 Axes
 - Level 3.2 Armour
 - Level 3.2 Shields


You had 3 spell levels left.
You didn't know any spells.
Your spell library was empty.

Dungeon Overview and Level Annotations

Branches:
Dungeon (2/15)

Altars:


Message History

d - 2 potions of might (gained 1)
You open the door.
Found a stone staircase leading up.
There is an open door here.
A gnoll comes into view. It is wielding a +0 flail.
Found a glass ring.
The gnoll shouts!
You hear a shout!
A gnoll comes into view. It is wielding a +3 halberd of venom.
The gnoll shouts!
A gnoll comes into view. It is wielding a +0 flail.
The gnoll shouts!
You slash the gnoll!
The gnoll is severely wounded.
You block the gnoll's attack.
You slash the gnoll!
You kill the gnoll!
You have reached level 4!
The gnoll hits you with a +3 halberd of venom!
You are poisoned.
Things that are here:
a +0 flail; a gnoll corpse You barely miss the gnoll.
You feel very sick.
The gnoll hits you with a +3 halberd of venom!
* * * LOW HITPOINT WARNING * * *
You are lethally poisoned!
You block the gnoll's attack.
You slash the gnoll!
You kill the gnoll!
* * * LOW HITPOINT WARNING * * *
You feel extremely sick.
Your Fighting skill increases to level 5!
You hit the gnoll.
The gnoll is lightly wounded.
* * * LOW HITPOINT WARNING * * *
You feel very sick. The gnoll hits you but does no damage.
You slash the gnoll!
The gnoll is severely wounded.
You die...

.#.##.###...## #.# #...#
......##.....## #.###=....
.#.####.......###.#.......
...###.........##.#.......
.....+.........'....<.....
....##.........#.....g.###
....###.......##.##..#.#
...#####.....###g# .## #
.#..........## #@# .#
.#.#######.## #.# .# ...#
#.# #.# .# ...##### #.#
#.# .# .......###.## #..
...###.##...## ###
.............#
######.##...###
#.###......


You could see a gnoll.

Vanquished Creatures
  Jessica (D:2)
  2 gnolls (D:2)
  A dart slug (D:1)
  4 endoplasms
  A giant cockroach (D:1)
  2 goblins
  A hobgoblin (D:2)
  3 quokkas (D:1)
  4 ball pythons
  2 bats
  3 frilled lizards
  3 kobolds
  A rat (D:2)
28 creatures vanquished.

Notes
Turn   | Place    | Note
-------+----------+-------------------------------------------
     0 | D:1      | cdecastro the Hill Orc Fighter began the quest for the Orb.
     0 | D:1      | Reached XP level 1. HP: 19/19 MP: 1/1
   298 | D:1      | Reached XP level 2. HP: 27/27 MP: 2/2
   385 | D:1      | Reached skill level 4 in Fighting
   902 | D:2      | Reached XP level 3. HP: 33/34 MP: 3/3
  1035 | D:2      | Noticed Jessica
  1043 | D:2      | Killed Jessica
  1190 | D:2      | Reached XP level 4. HP: 41/41 MP: 4/4
  1193 | D:2      | Reached skill level 5 in Fighting
  1194 | D:2      | Succumbed to a gnoll's poison

Illustrated notes

Levels and vault maps discovered:
D:1:      spicycebolla_arrival_ecumenical, layout_loops_ring, minmay_tripent
D:2:      layout_loops_corners, minmay_statues_item, uniq_jessica

Skill      XL: |  1  2  3  4 |
---------------+-------------+-----
Axes           | 3 4 |  4.5
Fighting       | 4 5 |  5.0
Armour         | |  3.2
Shields        | |  3.2

Action                     |  1- 3 |  4- 6 || total
---------------------------+-------+-------++-------
  Melee: War axe           |    55 |     4 ||    59
 Armour: Scale mail        |    29 |     1 ||    30
  Dodge: Dodged            |    25 |       ||    25
  Block: Buckler           |    11 |     1 ||    12
